 Dungeon Sprint DCSS version 0.25.1-2-g60ff931df9 (webtiles) character file.

Game seed: 625407306476116333

10896 Cadaver the Peltast (level 11, -2/80 HPs)
             Began as a Gargoyle Fighter on Oct 31, 2020.
             Was the Champion of Okawaru.
             Slain by a 12-headed hydra (7 damage)
             ... while paralysed by a floating eye
             ... in the Dungeon (Sprint I: "Red Sonja").
             The game lasted 00:17:52 (3411 turns).

Cadaver the Peltast (Gargoyle Fighter)              Turns: 3411, Time: 00:17:53

Health: -2/80      AC: 26    Str: 29    XL:     11   Next: 69%
Magic:  13/14      EV:  2    Int: 10    God:    Okawaru [******]
Gold:   423        SH:  0    Dex: 11    Spells: 10/10 levels left

rFire    . . .     SeeInvis .   j - +2 flail (protect)
rCold    . . .     Gourm    .   c - +0 kite shield
rNeg     + . .     Faith    .   r - +0 chain mail
rPois    ∞         Spirit   .   (no helmet)
rElec    +         Reflect  .   v - +0 cloak {rPois}
rCorr    .         Harm     .   m - +0 pair of gloves {Str+3}
MR       .....     NoTele   +   (no boots)
Stlth    ..........             (no amulet)
HPRegen  0.23/turn              u - +6 ring of strength
MPRegen  0.14/turn              (no ring)

@: paralysed, heroism
A: negative energy resistance 1, electricity resistance, unbreathing,
petrification resistance, rot immunity, AC +8
a: Heroism, Finesse, Renounce Religion


You were in the Dungeon.
You worshipped Okawaru.
Okawaru was exalted by your worship.
You were hungry.

You visited 1 branch You collected 1511 gold pieces.
You spent 1088 gold pieces at shops.

Inventory:

Hand Weapons
 a - a +0 flail
 j - a +2 flail of protection (weapon)
 n - a +5 club
 s - a +1 scimitar of holy wrath
 w - a +0 mace of protection
Missiles
 b - 5 curare-tipped darts
 d - 33 stones
 g - 14 poisoned darts (quivered)
 x - 3 javelins
Armour
 c - a +0 kite shield (worn)
 m - a +0 pair of gloves of strength (worn)
 r - a +0 chain mail (worn)
 v - a +0 cloak of poison resistance (worn)
Jewellery
 u - a +6 ring of strength (left hand)
Wands
 l - a wand of random effects (15)
Scrolls
 e - a scroll of magic mapping {unknown}
 k - a scroll of blinking
 o - a scroll of enchant armour {unknown}
 q - 2 scrolls of identify
Potions
 h - a potion of haste
 i - 3 potions of magic
 p - 3 potions of curing
Miscellaneous
 t - a box of beasts
Comestibles
 f - a ration
 z - 10 chunks of flesh


   Skills:
 + Level 14.0(19.0) Fighting
 + Level 14.7(19.7) Maces & Flails
 * Level 14.3(19.3) Armour
 - Level 0.2(5.2) Dodging
 + Level 16.3(21.3) Shields
 + Level 5.0 Invocations


You had 10 spell levels left.
You didn't know any spells.
Your spell library contained the following spells:

 Spells                   Type           Power        Failure   Level  Hunger
 Beastly Appendage        Tmut           #.....       71%         1    ##.....
 Sticks to Snakes         Tmut           #.......     85%         2    ###....
 Spider Form              Tmut/Pois      #.........   97%         3    ####...
 Ice Form                 Ice/Tmut       #.......     100%        4    #####..
 Blade Hands              Tmut           #.........   100%        5    ######.


Dungeon Overview and Level Annotations

Branches:
Dungeon (1/1)

Altars:
Cheibriados
Dithmenos
Elyvilon
Fedhas
Gozag
Hepliaklqana
Kikubaaqudgha
Makhleb
Nemelex Xobeh
Okawaru
Qazlal
Ru
Sif Muna
Trog
Uskayaw
Vehumet
Wu Jian
Xom
Yredelemnul
Zin
The Shining One
Jiyva
Lugonu

Shops:
D %(**}([%=[(*[:([!


Innate Abilities, Weirdness & Mutations

You are resistant to torment.
Your stone body is resilient. (AC +8)
You are immune to poison.
You resist negative energy. (rN+)
You are resistant to electric shocks. (rElec)
You can survive without breathing.
You are immune to petrification.
You are immune to rotting.


Message History

The 12-headed hydra bites you.
The 12-headed hydra bites you but does no damage.
The 12-headed hydra completely misses you.
The 12-headed hydra bites you.
The 12-headed hydra bites you but does no damage.
The 12-headed hydra bites you but does no damage.
The 12-headed hydra bites you. x2; The 12-headed hydra bites you!
* * * LOW HITPOINT WARNING * * *
The 12-headed hydra barely misses you. The 12-headed hydra bites you.
* * * LOW HITPOINT WARNING * * *
The 12-headed hydra bites you but does no damage. x2
The 12-headed hydra bites you.
* * * LOW HITPOINT WARNING * * *
The 12-headed hydra bites you but does no damage. x3
The 12-headed hydra bites you but does no damage.
The 12-headed hydra bites you.
* * * LOW HITPOINT WARNING * * *
The 12-headed hydra bites you but does no damage. x4
The 12-headed hydra bites you!
You die...

#####################
..#..#..§.§§§.§§@DG$#
..##'#.####§§§§§##§§+
..'.§#§# ##..§## ##
###..§§# #$###+#
.##'####^.$#y#
.#..○○°#..$###
.#..^°○'..$${#
'###○.○#^.. .'.#○^.#
#+


You could see a 12-headed hydra and a floating eye (charged).

Vanquished Creatures
  A lorocyproca (D)
  2 centaur warriors (D)
  Sonja (D)
  A deep troll (D)
  2 unseen horrors (D)
  A lindwurm (D)
  An oklob plant (D)
  A gargoyle (D)
  2 kobold demonologists (D)
  4 demonic crawlers (D)
  A hornet (D)
  A slime creature (D)
  2 redbacks (D)
  Sigmund (D)
  A yak (D)
  13 hogs (D)
  2 floating eyes (D)
  An ogre (D)
  7 necrophages (D)
  8 jellies (D)
  Ijyb (D)
54 creatures vanquished.

Vanquished Creatures (others)
  the Lernaean hydra (D)
  A deep elf master archer (D)
  A merfolk siren (D)
  A gargoyle (D)
  3 hornets (D)
  2 ballistomycete spores (D)
9 creatures vanquished.

Grand Total: 63 creatures vanquished

Notes
Turn   | Place    | Note
-------+----------+-------------------------------------------
     0 | D        | Cadaver the Gargoyle Fighter began the quest for the Orb.
     0 | D        | Reached XP level 1. HP: 14/14 MP: 1/1
     2 | D        | Noticed Ijyb
    19 | D        | Killed Ijyb
    19 | D        | Reached skill level 4 in Shields
    19 | D        | Reached XP level 2. HP: 2/20 MP: 2/2
   308 | D        | Noticed an ogre
   311 | D        | Killed an ogre
   311 | D        | Reached skill level 6 in Shields
   311 | D        | Reached XP level 3. HP: 27/27 MP: 3/3
   311 | D        | Reached XP level 4. HP: 32/32 MP: 4/4
   350 | D        | Noticed Sigmund
   378 | D        | Killed Sigmund
   378 | D        | Reached skill level 5 in Maces & Flails
   378 | D        | Reached skill level 7 in Shields
   378 | D        | Reached XP level 5. HP: 18/39 MP: 5/5
   378 | D        | Reached XP level 6. HP: 20/44 MP: 6/6
   557 | D        | Found a burning altar of Makhleb.
   557 | D        | Found a viscous altar of Jiyva.
   557 | D        | Found a shimmering altar of Xom.
   557 | D        | Found a corrupted altar of Lugonu.
   557 | D        | Noticed a slime creature
   559 | D        | Found an ornate altar of the Wu Jian Council.
   559 | D        | Found a shimmering blue altar of Sif Muna.
   561 | D        | Found a radiant altar of Vehumet.
   790 | D        | Found Tujacah's Weapon Emporium.
   790 | D        | Found an ancient bone altar of Kikubaaqudgha.
   790 | D        | Found a hazy altar of Hepliaklqana.
   790 | D        | Found a stormy altar of Qazlal.
   790 | D        | Found a hide-covered altar of Uskayaw.
   790 | D        | Found a blossoming altar of Fedhas.
   790 | D        | Found a bloodstained altar of Trog.
   790 | D        | Found an iron altar of Okawaru.
   790 | D        | Found a basalt altar of Yredelemnul.
   790 | D        | Found a glowing golden altar of the Shining One.
   790 | D        | Found a snail-covered altar of Cheibriados.
   790 | D        | Found a sacrificial altar of Ru.
   790 | D        | Found a glowing silver altar of Zin.
   790 | D        | Found a shadowy altar of Dithmenos.
   790 | D        | Found a white marble altar of Elyvilon.
   790 | D        | Noticed a yak
   803 | D        | Killed a yak
   803 | D        | Reached skill level 8 in Shields
   804 | D        | Found an opulent altar of Gozag.
   805 | D        | Found a sparkling altar of Nemelex Xobeh.
   812 | D        | Became a worshipper of Warmaster Okawaru
   814 | D        | Bought a +2 flail of protection for 162 gold pieces
  1012 | D        | Killed a slime creature
  1012 | D        | Reached skill level 9 in Shields
  1012 | D        | Reached XP level 7. HP: 44/51 MP: 7/7
  1015 | D        | Killed a hornet
  1050 | D        | Noticed a centaur warrior
  1074 | D        | Noticed a kobold demonologist
  1074 | D        | Noticed a kobold demonologist
  1075 | D        | Paralysed by a floating eye for 4 turns
  1077 | D        | Noticed a smoke demon
  1079 | D        | Reached skill level 10 in Armour
  1081 | D        | Noticed an orange demon
  1087 | D        | Killed a kobold demonologist
  1087 | D        | Reached * piety under Okawaru
  1087 | D        | Reached skill level 10 in Fighting
  1087 | D        | Reached XP level 8. HP: 46/57 MP: 8/8
  1094 | D        | Noticed a red devil
  1097 | D        | Noticed a ynoxinul
  1101 | D        | Killed a kobold demonologist
  1101 | D        | Reached skill level 10 in Shields
  1186 | D        | Noticed a demonic crawler
  1186 | D        | Noticed a demonic crawler
  1186 | D        | Noticed a demonic crawler
  1186 | D        | Noticed a demonic crawler
  1199 | D        | Killed a demonic crawler
  1199 | D        | Reached skill level 1 in Invocations
  1213 | D        | Killed a demonic crawler
  1213 | D        | Reached ** piety under Okawaru
  1213 | D        | Reached skill level 10 in Maces & Flails
  1213 | D        | Reached skill level 11 in Shields
  1213 | D        | Reached XP level 9. HP: 16/63 MP: 6/9
  1221 | D        | Killed a demonic crawler
  1230 | D        | HP: 3/63 [demonic crawler (6)]
  1236 | D        | Killed a demonic crawler
  1236 | D        | Reached *** piety under Okawaru
  1236 | D        | Reached skill level 12 in Shields
  1385 | D        | Killed a hornet
  1542 | D        | Noticed a centaur warrior
  1561 | D        | Killed a centaur warrior
  1561 | D        | Reached skill level 13 in Shields
  1569 | D        | Killed a centaur warrior
  1569 | D        | Reached **** piety under Okawaru
  1569 | D        | Reached XP level 10. HP: 61/71 MP: 8/11
  1616 | D        | Noticed a deep troll
  1627 | D        | Killed a deep troll
  1627 | D        | Reached skill level 14 in Shields
  1639 | D        | Found Bifiaph's Armour Emporium.
  1645 | D        | Bought a +0 chain mail for 54 gold pieces
  1721 | D        | Killed the 27-headed Lernaean hydra
  1751 | D        | Noticed Sonja
  1761 | D        | Killed Sonja
  1785 | D        | Found Bofink's Food Boutique.
  1851 | D        | Reached ***** piety under Okawaru
  1866 | D        | Noticed an oklob plant
  1973 | D        | Killed an oklob plant
  1973 | D        | Reached skill level 15 in Shields
  2242 | D        | Killed a deep elf master archer
  2317 | D        | Killed an unseen horror
  2343 | D        | Killed an unseen horror
  2343 | D        | Reached XP level 11. HP: 31/77 MP: 10/14
  2555 | D        | Paralysed by a floating eye for 2 turns
  2780 | D        | Found Rerot's General Store.
  2780 | D        | Found Oxzushry's Assorted Antiques.
  2780 | D        | Found Xepiehor's Gadget Boutique.
  2782 | D        | Found Isemyon's Antique Weapon Emporium.
  2782 | D        | Found Haoll's Armour Shop.
  2782 | D        | Found Gapper's Food Shoppe.
  2782 | D        | Found Qappeare's Jewellery Boutique.
  2782 | D        | Found Ysifrin's Antique Armour Emporium.
  2782 | D        | Found Micriav's Antique Weapon Shop.
  2782 | D        | Found Sudoqof's General Store.
  2785 | D        | Bought a scroll of identify for 20 gold pieces
  2787 | D        | Found Xaostympa's Antique Armour Boutique.
  2788 | D        | Found Ugriwe's Weapon Emporium.
  2788 | D        | Found Lahuuf's Book Boutique.
  2789 | D        | Found Bippuusk's Distillery.
  2808 | D        | Bought a +6 ring of strength for 702 gold pieces
  2810 | D        | Bought a runed cloak for 150 gold pieces
  2900 | D        | Noticed a lindwurm
  2906 | D        | Killed a lindwurm
  3040 | D        | Killed a lorocyproca
  3040 | D        | Reached skill level 16 in Shields
  3348 | D        | Received a gift from Okawaru
  3372 | D        | Reached skill level 5 in Invocations
  3381 | D        | Reached ****** piety under Okawaru
  3403 | D        | Noticed a 12-headed hydra
  3407 | D        | Paralysed by a floating eye for 4 turns
  3411 | D        | Slain by a 12-headed hydra

Illustrated notes

Levels and vault maps discovered:
D:        dungeon_sprint_1 [red_sonja_temple_1, red_sonja_temple_small_1]

Skill      XL: |  1  2  3  4  5  6  7  8  9 10 11 |
---------------+----------------------------------+-----
Fighting       | 4 6 7 9 10 11 12 14 | 14.0
Armour         | 4 6 8 9 10 11 13 14 | 14.3
Shields        | 4 6 7 9 11 13 15 16 | 16.3
Maces & Flails | 3 5 7 8 10 11 13 14 | 14.7
Invocations    | 1 2 4 5 |  5.0
Dodging        | |  0.2

Action                   |  1- 3 |  4- 6 |  7- 9 | 10-12 || total
-------------------------+-------+-------+-------+-------++-------
Melee: Flail             |    19 |    26 |    85 |   250 ||   380
       Club              |       |    13 |       |       ||    13
Invok: Heroism           |       |       |     5 |    13 ||    18
  Use: Potion            |     1 |     3 |     1 |     1 ||     6
  Eat: Ration            |       |       |     1 |     1 ||     2
       Chunk             |       |       |       |     1 ||     1
Armor: Scale mail        |     4 |    13 |    97 |     5 ||   119
       Chain mail        |       |       |       |   127 ||   127
Dodge: Dodged            |     3 |     8 |    64 |    48 ||   123
Block: Kite shield       |     7 |     9 |   123 |   113 ||   252
